 Dungeon Crawl Stone Soup version 0.20.1-1-g8b1a95d (webtiles) character file.

51 Humpert the Shooter (level 3, -3/28 HPs)
             Began as a Centaur Arcane Marksman on Oct 13, 2017.
             Slain by Natasha (8 damage)
             ... on level 2 of the Dungeon.
             The game lasted 00:04:47 (1752 turns).

Humpert the Shooter (Centaur Arcane Marksman)       Turns: 1752, Time: 00:04:47

Health: -3/28      AC:  4    Str: 12    XL:     3   Next: 58%
Magic:  4/4        EV: 10    Int: 12    God:
Gold:   58         SH:  0    Dex: 10    Spells: 3/4 levels left

rFire    . . .     SeeInvis .   (no weapon)
rCold    . . .     Gourm    .   (no shield)
rNeg     . . .     Faith    .   e - +0 robe
rPois    .         Spirit   .   (no helmet)
rElec    .         Reflect  .   (no cloak)
rCorr    .         Harm     .   (no gloves)
MR       .....                  (no barding)
Stlth    +.........             (no amulet)
Regen    0.1/turn               (no ring)
MPRegen  0.1/turn               (no ring)

@: very slightly contaminated, invisible, very quick
A: hooves 3, deformed body, speed 2, tough skin 3
a: no special abilities


You were on level 2 of the Dungeon.
You were not hungry.

You visited 1 branch of the dungeon, and saw 2 of its levels.

You collected 58 gold pieces.

Inventory:

Hand Weapons
 a - a +0 shortbow
Armour
 e - a +0 robe (worn)
Scrolls
 b - a scroll of teleportation {unknown}
 g - a scroll of magic mapping {unknown}
 i - a scroll of remove curse {unknown}
 j - 3 scrolls of identify {unknown}
 m - a scroll of blinking {unknown}
Potions
 k - a potion of might {unknown}
 n - a potion of invisibility
Books
 c - a book of Debilitation

   Spells                             Type                      Level
   a - Corona                         Hexes                        1
   b - Slow                           Hexes                        2
   c - Inner Flame                    Hexes/Fire                   3
   d - Portal Projectile              Hexes/Translocation          3
   e - Cause Fear                     Hexes                        4
   f - Leda's Liquefaction            Hexes/Earth                  4
Comestibles
 f - 3 bread rations


   Skills:
 * Level 1.6 Fighting
 * Level 4.4 Bows
 + Level 1.5 Dodging
 + Level 1.0 Spellcasting
 + Level 3.0 Hexes


You had 3 spell levels left.
You knew the following spells:

 Your Spells              Type           Power        Failure   Level  Hunger
a - Corona                Hex            #......      9%          1    ##.....


Dungeon Overview and Level Annotations

Branches:
Dungeon (2/15)

Altars:

Annotations:
D:2 Natasha


Innate Abilities, Weirdness & Mutations

You have hooves in place of feet.
Armour fits poorly on your strangely shaped body.
You cover ground very quickly.
You have extremely tough skin. (AC +3)


Message History

Press: ? - help, Shift-Dir - straight line, f/p - Natasha
Aim: Natasha (lightly wounded, unusually agile)
Okay, then.
Firing (i - inventory): No suitable missiles.
Press: ? - help, Shift-Dir - straight line, f/p - Natasha
Aim: Natasha (lightly wounded, unusually agile)
Okay, then.
It was a potion of curing.
You feel better. Natasha claws you!
* * * LOW HITPOINT WARNING * * *
It was a potion of invisibility.
You fade into invisibility!
Natasha claws you but does no damage.
You are very lightly contaminated with residual magic.
Okay, then.
You are now empty-handed.
You are too injured to fight recklessly!
You are too injured to fight recklessly!
You are too injured to fight recklessly!
Natasha claws you!
You die...

### ..# ### #.# #..
#.# #.# #(# #.##
####(# #.##.
#...h###.##.### #
#?@....##...#
#.#......####.######
#>...................
#.#......#.##########
.......#.##.#
###.###.#....#########
#..........†........
#####.######<......#
#$ ####....#


You could see Natasha.

Vanquished Creatures
  An adder (D:2)
  An ooze (D:1)
  A worm (D:2)
  4 dart slugs
  5 bats (D:1)
  A giant cockroach (D:1)
  3 goblins (D:1)
  2 jackals (D:2)
  2 frilled lizards (D:1)
  6 kobolds (D:1)
  4 rats
30 creatures vanquished.

Notes
Turn   | Place    | Note
-------+----------+-------------------------------------------
     0 | D:1      | Humpert the Centaur Arcane Marksman began the quest for the Orb.
     0 | D:1      | Reached XP level 1. HP: 16/16 MP: 2/2
   217 | D:1      | Reached XP level 2. HP: 23/23 MP: 3/3
   229 | D:1      | Reached skill level 3 in Bows
  1010 | D:1      | Reached XP level 3. HP: 28/28 MP: 4/4
  1291 | D:2      | Reached skill level 4 in Bows
  1728 | D:2      | Noticed Natasha
  1752 | D:2      | Slain by Natasha

Skill      XL: |  1  2  3 |
---------------+----------+-----
Hexes          | 3 |  3.0
Bows           | 3 4 |  4.4
Fighting       | |  1.6
Dodging        | |  1.5
Spellcasting   | |  1.0

Action                   || total
-------------------------++-------
Melee: Unarmed           ||     2
 Fire: Shortbow          ||   135
  Use: Potion            ||     2
  Eat: Fruit             ||     2
Armor: Robe              ||    33
Dodge: Dodged            ||    42
